 Dungeon Crawl Stone Soup version 0.27-a0-1200-g94dc6ad4cf (webtiles) character file.

Game seed: 5974275362725459534

474 funkygono the Firebug (level 7, -1/36 HPs)
             Began as a Gargoyle Fire Elementalist on May 31, 2021.
             Slain by Duvessa
             ... wielding a +0 short sword
              (13 damage)
             ... on level 4 of the Dungeon.
             The game lasted 00:07:12 (3757 turns).

funkygono the Firebug (Gargoyle Fire Elementalist)  Turns: 3757, Time: 00:07:13

Health: -1/36      AC:  7    Str: 12    XL:     7   Next: 10%
Magic:  2/12       EV: 12    Int: 17    God:
Gold:   156        SH:  0    Dex: 10    Spells: 2/13 levels left

rFire    . . .     SeeInvis .   r - +1 mace (flame)
rCold    . . .     Faith    .   (no shield)
rNeg     + . .     Spirit   .   a - +0 robe
rPois    ∞         Reflect  .   (no helmet)
rElec    +         Harm     .   (no cloak)
rCorr    .         Rampage  .   (no gloves)
Will     .....                  l - +0 pair of boots
Stlth    ++........             (no amulet)
HPRegen  0.12/turn              (no ring)
MPRegen  0.13/turn              (no ring)

@: no status effects
A: sickness immunity, AC +4, negative energy resistance 1, electricity
resistance, torment resistance 1, petrification resistance
a: no special abilities


You were on level 4 of the Dungeon.
You visited 1 branch of the dungeon, and saw 4 of its levels.

You collected 156 gold pieces.

Inventory:

Hand Weapons
 h - a +1 club
 n - a +2 dagger of electrocution
 r - a +1 mace of flaming (weapon)
Missiles
 b - 12 stones
Armour
 a - a +0 robe (worn)
 e - +0 fire dragon scales
 l - a +0 pair of boots (worn)
 s - a +0 leather armour
Wands
 c - a wand of polymorph (6)
Potions
 d - a potion of curing {unknown}
 f - 2 potions of ambrosia
 g - a potion of brilliance {unknown}
 i - a potion of attraction {unknown}
 j - a potion of degeneration {unknown}
 k - 2 potions of resistance {unknown}
 m - a potion of berserk rage {unknown}
 q - a potion of lignification {unknown}


   Skills:
 + Level 0.1 Fighting
 + Level 0.6 Maces & Flails
 + Level 2.0 Dodging
 - Level 2.1 Stealth
 * Level 3.9 Spellcasting
 * Level 3.5 Conjurations
 * Level 5.6 Fire Magic


You had 2 spell levels left.
You knew the following spells:

 Your Spells              Type           Power      Damage    Failure   Level
a - Foxfire               Conj/Fire      76%        2x1d7     2%          1
b - Conjure Flame         Conj/Fire      19%        6-21      7%          3
c - Inner Flame           Hex/Fire       13%        N/A       16%         3
d - Sticky Flame          Conj/Fire      19%        2d4       24%         4

Your spell library contained the following spells:

 Spells                   Type           Power      Damage    Failure   Level
 Fireball                 Conj/Fire      9%         3d6       54%         5


Dungeon Overview and Level Annotations

Branches:
Dungeon (4/15)
 Temple: D:4-7

Altars:

Shops:
D:1 *

Annotations:
D:4 Duvessa


Innate Abilities, Weirdness & Mutations

You are immune to sickness and miasma.
Your stone body is resilient. (AC +4)
You are immune to poison.
You resist negative energy. (rN+)
You are resistant to electric shocks. (rElec)
You are resistant to unholy torment.
You are immune to petrification.


Message History

Unknown command.
Casting: Foxfire (safe; 2% risk of failure)
Confirm with . or Enter, or press ? or * to list all spells.
You conjure some foxfire!
The foxfire hits Dowan.
Dowan is almost dead.
The foxfire hits Dowan but does no damage.
Dowan is almost dead.
The foxfire hits Dowan.
Dowan is almost dead.
An orc comes into view. It is wielding a +0 flail.
Casting: Foxfire (safe; 2% risk of failure)
Confirm with . or Enter, or press ? or * to list all spells.
You conjure some foxfire!
The foxfire hits Dowan.
You kill Dowan!
Duvessa weeps, then rights herself and shakes her weapon.
Duvessa goes berserk!
You have reached level 7!
Casting: Foxfire (safe; 2% risk of failure)
Confirm with . or Enter, or press ? or * to list all spells.
You conjure some foxfire!
The foxfire hits Duvessa.
Duvessa is lightly wounded.
Duvessa hits you with a +0 short sword!
Unknown command.
You sock the orc! You burn the orc.
You kill the orc!
The foxfire hits Duvessa but does no damage.
Duvessa is lightly wounded.
Duvessa hits you with a +0 short sword. Duvessa hits you with a +0 short sword!
You closely miss Duvessa.
Duvessa is lightly wounded.
Duvessa misses you. Duvessa closely misses you.
Unknown command.
You hit Duvessa. You burn Duvessa.
Duvessa is moderately wounded.
Duvessa hits you with a +0 short sword. Duvessa completely misses you.
Casting: Foxfire (safe; 2% risk of failure)
Confirm with . or Enter, or press ? or * to list all spells.
You conjure some foxfire!
Duvessa barely misses you. Duvessa hits you with a +0 short sword!
You die...

## ### .. ..# #. #.#
#. ####.## ##### #.
#.....# #...#
#.#e###.##..# #.#.#
#..v@....#..#####.#..
#.#v###..)........###
#.#.'.§......)..#
#.#.#...........#
#.#.#...........#
..#.#.##..#####.#
#####.##..# #.#
......# #.# .#.##.##
#.#


You could see Duvessa (berserk, ally target).

Vanquished Creatures
  Sigmund (D:2)
  A scorpion (D:3)
  Dowan (D:4)
  Jessica (D:3)
  Natasha (thrice) (D:3)
  3 adders (D:3)
  4 worms
  2 orcs
  5 bats
  10 endoplasms
  4 giant cockroaches
  4 goblins
  5 hobgoblins
  8 jackals
  4 quokkas
  8 ball pythons
  A frilled lizard (D:2)
  6 kobolds
  2 rats
73 creatures vanquished.

Vanquished Creatures (others)
  223 foxfires
223 creatures vanquished.

Grand Total: 296 creatures vanquished

Notes
Turn   | Place    | Note
-------+----------+-------------------------------------------
     0 | D:1      | funkygono the Gargoyle Fire Elementalist began the quest
                  | for the Orb.
     0 | D:1      | Reached XP level 1. HP: 10/10 MP: 3/3
   129 | D:1      | Reached XP level 2. HP: 15/15 MP: 0/5
   292 | D:1      | Found Buethet's Assorted Antiques.
  1113 | D:2      | Reached XP level 3. HP: 19/19 MP: 2/6
  1116 | D:2      | Noticed Sigmund
  1181 | D:2      | Killed Sigmund
  1182 | D:2      | Reached skill level 4 in Fire Magic
  1182 | D:2      | Reached XP level 4. HP: 12/24 MP: 0/8
  1182 | D:2      | Reached XP level 5. HP: 14/28 MP: 0/9
  1186 | D:2      | Learned a level 3 spell: Conjure Flame
  1190 | D:2      | Learned a level 3 spell: Inner Flame
  1917 | D:2      | Found a faded altar of an unknown god.
  2612 | D:3      | Reached XP level 6. HP: 32/32 MP: 8/11
  2625 | D:3      | Noticed Jessica
  2628 | D:3      | Killed Jessica
  2651 | D:3      | Learned a level 4 spell: Sticky Flame
  2674 | D:3      | Reached skill level 5 in Fire Magic
  2791 | D:3      | Noticed Natasha
  2797 | D:3      | Killed Natasha
  3129 | D:3      | Noticed Natasha
  3187 | D:3      | Killed Natasha
  3289 | D:3      | Noticed Natasha
  3294 | D:3      | Killed Natasha
  3744 | D:4      | Noticed Dowan
  3747 | D:4      | Noticed Duvessa
  3752 | D:4      | Killed Dowan
  3753 | D:4      | Reached XP level 7. HP: 36/36 MP: 4/12
  3757 | D:4      | Slain by Duvessa

Illustrated notes

Levels and vault maps discovered:
D:1:      lightli_iron_boxes, layout_loops_ring, serial_shops, shop
D:2:      layout_loops_ring, shapermc_ecumenical_altar_mp_vishouse,
          minmay_misc_feat_hallway, minmay_3d_cube, uniq_sigmund
D:3:      layout_loops_ring, uniq_natasha, uniq_jessica
D:4:      layout_basic, lemuel_round_altar, gammafunk_temple_overflow_forgotten,
          uniq_duvessa, uniq_grinder

Skill      XL: |  1  2  3  4  5  6 |
---------------+-------------------+-----
Spellcasting   | 3 |  3.9
Conjurations   | 2 3 |  3.5
Fire Magic     | 4 5 |  5.6
Dodging        | 2 |  2.0
Fighting       | |  0.1
Maces & Flails | |  0.6
Stealth        | |  2.1

Action                   |  1- 3 |  4- 6 |  7- 9 || total
-------------------------+-------+-------+-------++-------
Melee: Club              |     5 |     7 |       ||    12
       Unarmed           |     4 |       |       ||     4
       Mace              |       |    13 |     3 ||    16
 Cast: Foxfire           |    40 |    96 |     2 ||   138
  Use: Scroll            |     6 |     7 |       ||    13
Armor: Robe              |     8 |    21 |       ||    29
Dodge: Dodged            |    16 |    32 |     4 ||    52

Table legend: (Time is in decaauts)
 A = Elapsed time spent in this place.
 B = Non-inter-level travel time spent in this place.
 C = Inter-level travel time spent in this place.
 D = Time resting spent in this place.
 E = Time spent auto-exploring this place.
 F = Levels seen in this place.
 G = Mean time per level.
                   A        B        C        D        E       F      G
               +--------+--------+--------+--------+--------+-----+--------+
         Total |   3770 |   3682 |     88 |     68 |   2908 |   4 |  942.5 |
       Dungeon |   3770 |   3682 |     88 |     68 |   2908 |   4 |  942.5 |
               +--------+--------+--------+--------+--------+-----+--------+

Top non-repeatable levels by time:
     D:2: 1509 daAuts
     D:1: 1067 daAuts
     D:3: 1014 daAuts
     D:4: 179 daAuts
